Map: Central Protocol

Players

SirSaveAhoe - Winner!

  • Race: Protoss Protoss
  • League: Silver

Grumm

  • Race: Protoss Protoss
  • League: Gold

VOD

Have the link to the VOD?

Description

Time

  • Played on: Jan. 8, 2016, 2:02 a.m.
  • Length: 14:07
Show
View Real Time Build Order
Export as new Build Order

SirSaveAhoe Protoss - Winner!

Build Orders: Nexus First 

Get SALT Encoding   

  12  0:01  Probe (Chrono Boost)  
  13  0:12  Probe (Chrono Boost)  
  14  0:22  Probe (Chrono Boost)  
  14  0:23  Pylon  
  15  0:41  Probe (Chrono Boost)  
  16  0:52  Probe (Chrono Boost)  
  17  1:01  Nexus  
  17  1:06  Probe (Chrono Boost)  
  18  1:15  Gateway  
  18  1:18  Probe (Chrono Boost)  
  19  1:25  Pylon  
  19  1:30  Assimilator  
  19  1:37  Probe (Chrono Boost)  
  20  1:44  Gateway  
  20  1:48  Assimilator  
  20  1:55  Probe (Chrono Boost)  
  21  2:06  Zealot  
  23  2:09  Pylon  
  23  2:16  Cybernetics Core  
  23  2:26  Probe (Chrono Boost)  
  24  2:38  Probe (Chrono Boost)  
  25  2:48  Probe (Chrono Boost)  
  25  2:49  Probe (Chrono Boost)  
  27  2:53  Twilight Council  
  27  2:54  Warp Gate (Chrono Boost)  
  27  2:58  Probe (Chrono Boost)  
  27  2:59  Probe  
  27  3:04  Stalker  
  28  3:09  Stalker  
  32  3:23  Probe  
  34  3:31  Mothership Core  
  34  3:33  Gateway  
  35  3:35  Probe  
  36  3:47  Probe  
  37  3:53  Probe  
  37  3:55  Forge  
  38  3:59  Probe  
  39  4:03  Stalker  
  41  4:11  Probe  
  42  4:19  Blink (Chrono Boost)  
  42  4:23  Probe  
  43  4:30  Robotics Facility  
  43  4:36  Probe  
  44  4:38  Probe  
  44  4:44  Photon Cannon  
  45  4:50  Probe, Gateway  
  46  4:55  Protoss Ground Weapons Level 1  
  46  5:06  Dark Shrine  
  45  5:13  Photon Cannon  
  45  5:14  Pylon  
  45  5:17  Probe  
  45  5:18  Assimilator  
  45  5:19  Adept  
  48  5:29  Pylon, Probe  
  47  5:39  Warp Prism (Chrono Boost)  
  49  5:43  Stalker  
  49  5:45  Stalker  
  40  5:59  Zealot  
  40  6:00  Zealot  
  40  6:01  Probe  
  40  6:03  Probe  
  45  6:13  Probe  
  45  6:15  Probe  
  47  6:25  Probe  
  48  6:27  Probe  
  48  6:32  Gateway  
  49  6:37  Probe  
  49  6:39  Probe  
  51  6:45  Dark Templar x3  
  57  6:48  Zealot  
  59  7:09  Gateway  
  59  7:11  Probe  
  59  7:12  Pylon  
  58  7:23  Probe  
  58  7:29  Immortal (Chrono Boost)  
  57  7:33  Protoss Ground Weapons Level 2 (Chrono Boost)  
  57  7:36  Probe  
  58  7:44  Pylon  
  58  7:47  Probe  
  58  7:48  Probe  
  60  7:58  Stalker x3  
  62  8:00  Probe, Zealot x2, Nexus  
  62  8:02  Pylon  
  71  8:07  Photon Cannon  
  71  8:20  Robotics Bay  
  71  8:21  Probe  
  72  8:31  Stalker x2  
  76  8:34  Zealot  
  76  8:35  Zealot x2  
  82  8:51  Pylon  
  82  8:52  Pylon  
  82  8:53  Probe  
  83  8:57  Photon Cannon  
  83  9:00  Zealot x2  
  83  9:01  Zealot x2  
  83  9:02  Dark Templar  
  89  9:21  Probe  
  84  9:27  Assimilator  
  73  9:32  Probe  
  73  9:35  Dark Templar x2  
  73  9:36  Dark Templar  
  70  9:41  Zealot  
  70  9:42  Probe, Zealot x2  
  63  10:05  Gateway  
  63  10:06  Gateway, Disruptor (Chrono Boost)  
  66  10:12  Probe  
  67  10:17  Assimilator  
  67  10:22  Probe  
  67  10:24  Pylon  
  67  10:28  Charge  
  68  10:33  Probe  
  68  10:45  Disruptor (Chrono Boost)  
  71  10:53  Assimilator, Probe x2  
  73  11:03  Probe, Stalker x3  
  79  11:04  Zealot x2  
  79  11:05  Probe, Zealot  
  87  11:12  Probe  
  87  11:14  Probe  
  87  11:16  Disruptor (Chrono Boost)  
  87  11:17  Probe  
  93  11:21  Photon Cannon  
  93  11:23  Gateway  
  93  11:24  Probe x2  
  95  11:35  Probe  
  96  11:44  Dark Templar  
  96  11:45  Dark Templar  
  100  11:49  Photon Cannon  
  100  11:51  Probe  
  98  12:01  Probe  
  98  12:03  Stalker  
  98  12:04  Stalker x4  
  107  12:21  Pylon  
  107  12:24  Pylon  
  107  12:27  Zealot  
  107  12:28  Pylon  
  109  12:30  Pylon  
  109  12:39  Disruptor (Chrono Boost)  
  112  12:54  Robotics Facility  
  112  13:08  Nexus  
  112  13:11  Stalker x4, Disruptor (Chrono Boost)  
  123  13:13  Stalker x2  
  123  13:14  Stalker  
  129  13:25  Forge  
  129  13:27  Probe  
  129  13:28  Forge  
  130  13:37  Dark Templar x2  
  130  13:38  Zealot  
  136  13:42  Observer (Chrono Boost)  
  117  14:05  Stalker  
  117  14:06  Stalker x4  
Show
View Real Time Build Order
Export as new Build Order

Grumm Protoss 

Build Orders:  

Get SALT Encoding   

  12  0:01  Probe (Chrono Boost)  
  13  0:11  Probe (Chrono Boost)  
  14  0:22  Pylon  
  14  0:23  Probe (Chrono Boost)  
  15  0:40  Assimilator  
  15  0:42  Gateway  
  15  0:44  Probe (Chrono Boost)  
  16  0:55  Probe (Chrono Boost)  
  17  1:05  Assimilator, Probe (Chrono Boost)  
  18  1:16  Probe (Chrono Boost)  
  19  1:26  Probe (Chrono Boost)  
  20  1:33  Cybernetics Core  
  20  1:35  Pylon  
  20  1:37  Probe (Chrono Boost)  
  21  2:03  Nexus  
  21  2:11  Stalker  
  23  2:17  Warp Gate (Chrono Boost)  
  23  2:24  Mothership Core  
  25  2:33  Gateway  
  25  2:45  Probe  
  25  2:46  Stalker  
  28  2:57  Probe  
  29  3:03  Pylon  
  29  3:13  Probe  
  29  3:16  Stalker  
  32  3:22  Forge  
  32  3:31  Stalker  
  34  3:44  Gateway  
  33  3:49  Pylon, Probe  
  33  3:50  Probe  
  33  3:54  Protoss Ground Weapons Level 1 (Chrono Boost)  
  35  4:00  Probe  
  37  4:02  Probe (Chrono Boost)  
  37  4:15  Probe (Chrono Boost)  
  39  4:17  Probe (Chrono Boost)  
  39  4:19  Adept  
  39  4:21  Adept  
  43  4:25  Probe (Chrono Boost)  
  43  4:29  Photon Cannon  
  44  4:39  Probe (Chrono Boost)  
  46  4:46  Probe (Chrono Boost)  
  46  4:49  Probe (Chrono Boost)  
  46  4:52  Zealot x3  
  53  5:02  Probe (Chrono Boost)  
  53  5:04  Probe (Chrono Boost)  
  55  5:07  Robotics Facility  
  55  5:09  Pylon  
  55  5:13  Probe (Chrono Boost)  
  56  5:16  Probe (Chrono Boost)  
  47  5:55  Stalker x3  
  52  5:57  Probe (Chrono Boost)  
  52  5:59  Probe (Chrono Boost)  
  51  6:07  Pylon, Probe (Chrono Boost)  
  51  6:11  Probe (Chrono Boost)  
  51  6:15  Pylon  
  51  6:20  Stalker x2  
  51  6:21  Stalker  
  51  6:22  Protoss Ground Armor Level 1  
  57  6:28  Gateway  
  57  6:34  Pylon  
  57  6:40  Immortal  
  61  6:47  Gateway  
  61  6:49  Pylon  
  61  6:50  Probe (Chrono Boost)  
  61  6:51  Probe (Chrono Boost)  
  63  6:55  Assimilator  
  63  6:59  Assimilator  
  63  7:00  Stalker, Probe (Chrono Boost)  
  63  7:01  Stalker x2  
  59  7:03  Probe (Chrono Boost)  
  57  7:19  Observer  
  54  7:33  Photon Cannon  
  54  7:38  Photon Cannon  
  54  7:45  Photon Cannon  
  54  7:48  Probe (Chrono Boost)  
  54  7:49  Probe (Chrono Boost)  
  56  7:53  Immortal  
  61  7:58  Probe (Chrono Boost)  
  61  8:02  Probe (Chrono Boost)  
  61  8:03  Zealot x5  
  72  8:14  Probe (Chrono Boost)  
  72  8:16  Probe (Chrono Boost)  
  74  8:25  Probe (Chrono Boost), Zealot x3  
  82  8:27  Sentry  
  82  8:28  Probe (Chrono Boost)  
  82  8:32  Observer  
  85  8:35  Probe (Chrono Boost)  
  85  8:40  Probe (Chrono Boost)  
  87  8:54  Adept x5  
  97  9:16  Stalker  
  99  9:17  Stalker  
  49  9:56  Stalker x3  
  49  9:57  Stalker x2  
  53  10:04  Photon Cannon  
  53  10:08  Probe (Chrono Boost)  
  53  10:09  Probe (Chrono Boost)  
  55  10:18  Twilight Council  
  55  10:20  Zealot x5  
  65  10:39  Probe (Chrono Boost)  
  65  10:40  Probe (Chrono Boost), Immortal (Chrono Boost)  
  71  10:46  Zealot  
  73  10:50  Sentry x2  
  77  10:57  Protoss Ground Weapons Level 2  
  77  11:18  Immortal (Chrono Boost)  
  81  11:37  Stalker  
  81  11:38  Zealot x4  
  89  12:07  Zealot x4  
  89  12:08  Zealot  
  99  12:24  Charge (Chrono Boost)  
  99  12:30  Nexus  
  99  12:32  Pylon  
  99  12:36  Zealot  
  101  12:45  Immortal  
  105  13:09  Assimilator  
  105  13:13  Assimilator  
  105  13:17  Photon Cannon  
  105  13:19  Pylon  
  105  13:25  Probe  
  106  13:36  Zealot  
  106  13:37  Zealot x3  
  106  13:40  Sentry  
Tags
 
Add a new tag
Caveats
  • Supply blocks, unpowered buildings, or Contaminate may cause inaccurate times.
  • Supply counts are checked every 10 seconds.